 Dungeon Crawl Stone Soup version 0.23.2 (webtiles) character file.

Game seed: 17178074997355043772

135 Borgoz the Ducker (level 5, -1/43 (44) HPs)
             Began as a Ghoul Gladiator on Apr 3, 2019.
             Slain by an orc (3 damage)
             ... on level 3 of the Dungeon.
             The game lasted 00:03:25 (2228 turns).

Borgoz the Ducker (Ghoul Gladiator)                 Turns: 2228, Time: 00:03:25

HP:   -1/43 (44)    AC: 12    Str: 17 (18) XL:     5   Next: 18%
MP:   4/4           EV: 11    Int:  3 (4)  God:
Gold: 83            SH:  0    Dex: 14 (15) Spells: 4/4 levels left

rFire    + + .     SeeInvis .   a - +0 rapier
rCold    + + .     Gourm    .   (no shield)
rNeg     + + +     Faith    .   k - +0 plate armour
rPois    ∞         Spirit   .   c - +1 helmet
rElec    +         Reflect  .   (no cloak)
rCorr    +         Harm     .   (no gloves)
MR       .....                  (no boots)
Stlth    ..........             (no amulet)
HPRegen  0.00/turn              p - ring of protection from fire
MPRegen  0.09/turn              (no ring)

@: agile, resistant, flying, rotting
A: rotting body, claws 1, carnivore, cold resistance 1, negative energy
resistance 3, inhibited regeneration, torment resistance, unbreathing
a: no special abilities


You were on level 3 of the Dungeon.
You were very hungry.

You visited 1 branch of the dungeon, and saw 3 of its levels.

You collected 83 gold pieces.

Inventory:

Hand Weapons
 a - a +0 rapier (weapon)
Missiles
 d - 4 throwing nets (quivered)
Armour
 b - a +0 leather armour
 c - a +1 helmet (worn)
 k - a +0 plate armour (worn)
Jewellery
 p - a ring of protection from fire (left claw)
Scrolls
 e - 3 scrolls of teleportation
 h - a scroll of enchant armour
 j - a scroll of random uselessness {unknown}
Potions
 m - a potion of resistance
 n - a potion of flight
Comestibles
 f - 5 rations
 g - 3 chunks of flesh


   Skills:
 + Level 2.8 Fighting
 * Level 3.4 Short Blades
 - Level 1.7 Throwing
 * Level 1.9 Armour
 * Level 3.5 Dodging
 + Level 1.6 Stealth


You had 4 spell levels left.
You didn't know any spells.
Your spell library was empty.

Dungeon Overview and Level Annotations

Branches:
Dungeon (3/15)

Altars:
Cheibriados
Gozag
The Shining One

Annotations:
D:2 2 transporters


Innate Abilities, Weirdness & Mutations

Your body is rotting away.
You thrive on raw meat.
You are immune to poison.
You have sharp fingernails.
You are carnivorous and can eat meat at any time.
Your flesh is cold resistant. (rC+)
You are immune to negative energy. (rN+++)
You do not regenerate when monsters are visible.
You are immune to unholy pain and torment.
You can survive without breathing.


Message History

The orc completely misses you. The orc hits you but does no damage.
Things that are here:
a +0 hand axe; an orc corpse Your plate armour prevents you from hitting the orc.
The orc completely misses you. The orc hits you with a +0 trident.
* * * LOW HITPOINT WARNING * * *
You hit the orc but do no damage. The orc hits you.
* * * LOW HITPOINT WARNING * * *
The orc closely misses you.
You barely miss the orc.
You feel your flesh rotting away. The orc barely misses you.
The orc hits you with a +0 trident.
* * * LOW HITPOINT WARNING * * *
You puncture the orc!
You kill the orc!
The orc barely misses you.
You hit the orc.
The orc is lightly wounded.
The orc hits you.
You die...

#. .. #.# . ##.## .##
#...# ..# #...# #.#
#...# #.# #..)# #.#
#)o@# # #)## ##'##
#.#..# #.# #..<.# #.#
####÷# #.#
####.####.###
#....##.....#
#.....#.#.#'#########
#...#<..#...........#


You could see an orc.

Vanquished Creatures
  An orc priest (D:3)
  4 adders
  A worm (D:3)
  3 dart slugs (D:2)
  A leopard gecko (D:2)
  3 orcs (D:3)
  5 bats
  5 giant cockroaches
  7 goblins
  7 hobgoblins
  7 kobolds
  A quokka (D:3)
  4 ball pythons
  3 frilled lizards
  4 rats
56 creatures vanquished.

Notes
Turn   | Place    | Note
-------+----------+-------------------------------------------
     0 | D:1      | Borgoz the Ghoul Gladiator began the quest for the Orb.
     0 | D:1      | Reached XP level 1. HP: 17/17 MP: 0/0
   330 | D:1      | Reached XP level 2. HP: 15/23 MP: 1/1
   795 | D:1      | Reached XP level 3. HP: 30/30 MP: 2/2
  1075 | D:2      | Reached skill level 1 in Armour
  1144 | D:2      | Found an opulent altar of Gozag.
  1160 | D:2      | Reached skill level 1 in Stealth
  1183 | D:2      | Found a transporter.
  1189 | D:2      | Found a transporter.
  1239 | D:2      | Found a snail-covered altar of Cheibriados.
  1558 | D:2      | Reached XP level 4. HP: 25/37 MP: 3/3
  1951 | D:2      | Found a glowing golden altar of the Shining One.
  2221 | D:3      | Reached XP level 5. HP: 12/44 MP: 4/4
  2226 | D:3      | HP: 2/43 [orc/+0 trident (5)]
  2228 | D:3      | Slain by an orc

Skill      XL: |  1  2  3 |
---------------+----------+-----
Dodging        | 3 |  3.5
Short Blades   | 3 |  3.4
Armour         | 1 |  1.9
Stealth        | 1 |  1.6
Fighting       | |  2.8
Throwing       | |  1.7

Action                   |  1- 3 |  4- 6 || total
-------------------------+-------+-------++-------
Melee: Rapier            |   123 |    84 ||   207
  Use: Scroll            |     4 |       ||     4
       Potion            |       |     6 ||     6
 Stab: Sleeping          |     1 |       ||     1
  Eat: Chunk             |     4 |       ||     4
Armor: Leather armour    |    38 |     4 ||    42
       Plate armour      |       |    61 ||    61
Dodge: Dodged            |   100 |    45 ||   145
